Map: Deathaura LE

Players

Firefly

  • Race: Protoss Protoss
  • League: Gold
  • Spawn Location: 5:00

ViBE - Winner!

  • Race: Zerg Zerg
  • League: Gold
  • Spawn Location: 11:00

VOD

Have the link to the VOD?

Description

Time

  • Played on: March 20, 2021, 7:48 p.m.
  • Length: 12:45
Show
View Real Time Build Order
Export as new Build Order

Firefly Protoss 

Build Orders: 1 Gate Expand, Double Forge, Archon Immortal 

Get SALT Encoding   

  12  0:00  Probe  
  13  0:13  Probe  
  14  0:23  Pylon  
  14  0:26  Probe  
  15  0:42  Probe  
  16  0:43  Gateway  
  16  0:54  Probe (Chrono Boost)  
  17  0:59  Assimilator  
  17  1:06  Probe (Chrono Boost)  
  18  1:12  Probe (Chrono Boost)  
  19  1:20  Probe  
  20  1:32  Probe  
  21  1:39  Nexus  
  21  1:44  Cybernetics Core  
  21  1:55  Pylon  
  21  1:56  Probe  
  22  2:08  Probe  
  23  2:15  Assimilator  
  23  2:21  Probe  
  24  2:24  Stalker  
  24  2:26  Warp Gate  
  26  2:32  Shield Battery  
  26  2:34  Probe (Chrono Boost)  
  28  2:45  Probe (Chrono Boost), Pylon  
  28  2:50  Probe (Chrono Boost)  
  28  2:52  Gateway  
  29  3:01  Robotics Facility  
  29  3:05  Stalker  
  29  3:08  Probe (Chrono Boost)  
  29  3:09  Probe (Chrono Boost)  
  33  3:18  Probe x2 (Chrono Boost)  
  35  3:22  Pylon  
  35  3:23  Probe x2 (Chrono Boost)  
  37  3:35  Probe (Chrono Boost)  
  37  3:37  Sentry  
  37  3:39  Stalker  
  42  3:42  Probe (Chrono Boost)  
  44  3:50  Observer  
  44  3:52  Probe x2 (Chrono Boost)  
  46  3:57  Probe (Chrono Boost)  
  46  3:58  Probe, Pylon  
  48  4:09  Probe  
  49  4:10  Probe  
  49  4:12  Assimilator x2  
  50  4:21  Probe  
  50  4:22  Probe  
  52  4:25  Forge x2  
  52  4:28  Twilight Council  
  52  4:32  Immortal  
  52  4:33  Probe  
  57  4:40  Probe  
  57  4:45  Probe  
  59  4:46  Stalker x2  
  59  4:52  Probe  
  64  5:00  Nexus  
  64  5:01  Pylon  
  64  5:13  Probe x2  
  66  5:15  Stalker x2  
  66  5:19  Immortal  
  74  5:33  Probe  
  74  5:34  Probe, Pylon  
  74  5:35  Protoss Ground Weapons Level 1, Protoss Ground Armor Level 1  
  76  5:47  Probe x2  
  78  5:55  Pylon  
  78  5:57  Stalker  
  78  5:58  Stalker  
  78  6:00  Charge  
  78  6:01  Probe  
  78  6:02  Probe  
  84  6:11  Immortal  
  84  6:12  Pylon  
  84  6:14  Probe  
  84  6:16  Pylon  
  90  6:25  Probe  
  90  6:26  Probe  
  91  6:37  Probe  
  91  6:38  Probe  
  93  6:48  Nexus  
  93  6:49  Probe  
  93  6:50  Probe  
  93  6:51  Pylon  
  93  6:53  Pylon  
  95  6:56  Pylon  
  95  6:57  Gateway  
  95  6:58  Gateway  
  95  6:59  Zealot  
  95  7:00  Gateway, Zealot  
  99  7:01  Gateway  
  99  7:05  Templar Archives  
  99  7:11  Probe  
  99  7:12  Probe  
  101  7:20  Gateway  
  101  7:22  Gateway  
  101  7:26  Probe x2  
  101  7:28  Robotics Facility  
  103  7:35  Probe  
  104  7:38  Probe  
  104  7:39  Probe  
  104  7:43  Protoss Ground Weapons Level 2 (Chrono Boost), Assimilator x2, Protoss Ground Armor Level 2 (Chrono Boost)  
  106  7:47  Probe  
  107  7:55  Zealot x2  
  107  7:56  Zealot x3  
  117  8:10  Probe x2  
  117  8:11  Probe x2  
  121  8:14  Stalker x2  
  121  8:18  Immortal x2  
  133  8:32  Gateway  
  133  8:42  Stalker  
  133  8:43  Stalker  
  133  8:47  Gateway  
  137  8:50  Gateway  
  137  8:55  Gateway  
  137  9:00  Probe x2  
  137  9:02  Probe x2  
  141  9:04  High Templar  
  141  9:05  High Templar x3  
  141  9:06  High Templar x3  
  159  9:10  Immortal  
  159  9:12  Probe, Immortal  
  159  9:15  Archon x3  
  164  9:26  Assimilator  
  164  9:27  Assimilator  
  164  9:33  Pylon  
  164  9:36  Pylon  
  164  9:37  Pylon  
  164  9:38  Pylon  
  164  9:51  Probe x3  
  167  10:01  Probe  
  167  10:06  Zealot x2  
  172  10:07  Zealot x2  
  172  10:08  Zealot x3  
  172  10:10  Nexus  
  172  10:11  Pylon  
  172  10:13  Pylon  
  182  10:14  Pylon  
  182  10:15  Immortal  
  182  10:16  Immortal  
  174  10:40  Zealot x2  
  174  10:41  Zealot x4  
  174  10:42  Zealot  
  105  11:07  Zealot  
  105  11:08  Zealot x4  
  105  11:09  Zealot x2  
  91  11:26  Gateway  
  91  11:28  Gateway  
  91  11:29  Gateway  
  91  11:30  Gateway  
  91  11:31  Zealot x4  
  91  11:32  Zealot  
  95  11:33  Gateway  
  95  11:35  Gateway  
  95  11:37  Gateway  
  83  11:49  Zealot  
  83  11:52  Zealot x2  
  83  11:53  Zealot x3  
  90  12:11  Zealot  
  90  12:12  Zealot  
  90  12:13  Zealot x4  
  73  12:23  Zealot x2  
  73  12:24  Zealot  
Show
View Real Time Build Order
Export as new Build Order

ViBE Zerg - Winner!

Build Orders: Hatch First, Roach Hydra 

Get SALT Encoding   

  12  0:00  Drone  
  13  0:14  Overlord  
  14  0:21  Drone  
  14  0:33  Drone x2  
  16  0:49  Hatchery  
  15  0:53  Drone  
  15  0:56  Drone  
  17  1:00  Drone  
  18  1:14  Spawning Pool  
  18  1:17  Drone  
  18  1:21  Drone  
  19  1:30  Drone  
  20  1:34  Extractor  
  19  1:52  Overlord  
  19  1:54  Drone  
  20  2:01  Queen x2  
  20  2:05  Drone  
  20  2:06  Drone  
  26  2:20  Drone x2  
  28  2:23  Overlord  
  29  2:37  Drone x3  
  31  2:48  Lair  
  31  2:49  Queen  
  33  2:52  Overlord  
  33  2:53  Drone  
  34  3:01  Drone  
  34  3:02  Drone  
  36  3:10  Drone x2  
  38  3:18  Drone x6  
  44  3:22  Roach Warren  
  44  3:24  Drone, Evolution Chamber  
  43  3:33  Drone  
  43  3:34  Drone  
  45  3:37  Extractor  
  45  3:40  Extractor  
  43  3:41  Overlord  
  43  3:45  Drone  
  44  3:55  Drone x2  
  46  3:58  Drone  
  46  3:59  Drone x5  
  46  4:00  Hatchery  
  46  4:01  Glial Reconstitution  
  46  4:02  Zerg Missile Weapons Level 1  
  51  4:07  Overlord  
  51  4:08  Overlord  
  51  4:19  Queen  
  53  4:25  Overlord  
  53  4:27  Roach x4  
  53  4:30  Roach  
  63  4:32  Roach  
  63  4:34  Roach  
  67  4:50  Drone x4  
  71  5:01  Drone x7  
  78  5:17  Drone x3  
  81  5:27  Drone x3  
  84  5:28  Extractor  
  84  5:30  Extractor  
  84  5:32  Hydralisk Den  
  81  5:35  Drone  
  81  5:36  Drone x2  
  84  5:47  Evolution Chamber  
  84  5:48  Extractor  
  82  5:50  Drone x3  
  85  5:59  Hatchery  
  85  6:00  Drone x3  
  85  6:03  Drone  
  88  6:06  Overlord x7  
  88  6:09  Zerg Missile Weapons Level 2  
  88  6:11  Grooved Spines  
  88  6:12  Zerg Ground Armor Level 1  
  88  6:29  Hydralisk x4  
  88  6:30  Hydralisk x8  
  88  6:32  Hydralisk  
  114  6:38  Hydralisk x2  
  118  6:43  Hydralisk  
  120  7:02  Drone x2  
  120  7:03  Drone x10  
  120  7:08  Overlord  
  132  7:12  Drone x2  
  134  7:17  Drone x2  
  134  7:22  Muscular Augments  
  136  7:24  Drone x3  
  139  7:30  Extractor x2, Drone x4  
  139  7:36  Infestation Pit  
  140  7:39  Hatchery  
  140  7:42  Overlord x4  
  140  7:43  Hydralisk, Overlord  
  140  7:44  Hydralisk x4  
  149  8:15  Hydralisk x6  
  149  8:16  Hydralisk x4  
  149  8:17  Hydralisk x3  
  175  8:20  Hive  
  175  8:22  Zerg Ground Armor Level 2  
  171  9:15  Hydralisk x4  
  171  9:16  Hydralisk x2  
  183  9:26  Roach  
  183  9:27  Roach x7  
  199  9:54  Overseer x2  
  199  9:55  Overseer  
  171  10:44  Hydralisk x3  
  171  10:45  Hydralisk x14  
  185  10:50  Roach  
  185  10:51  Roach x6  
  183  11:19  Roach  
  183  11:20  Hydralisk x2, Roach x4  
  191  12:05  Hatchery  
  178  12:18  Overlord x3  
  178  12:21  Roach  
  178  12:22  Roach x4  
Tags
 
Add a new tag
Caveats
  • Supply blocks, unpowered buildings, or Contaminate may cause inaccurate times.
  • Supply counts are checked every 10 seconds.